 Dungeon Crawl Stone Soup version 0.27-a0-1087-gf39c287674 (webtiles) character file.

Game seed: 5107030099484645128

1472 Notrik the Conjurer (level 8, 0/70 HPs)
             Began as a Green Draconian Conjurer on Apr 27, 2021.
             Was an Initiate of Vehumet.
             Succumbed to a water moccasin's poison
             ... on level 5 of the Dungeon.
             The game lasted 00:19:09 (6998 turns).

Notrik the Conjurer (Green Draconian Conjurer)      Turns: 6998, Time: 00:19:10

Health: 0/70       AC:  9    Str: 11    XL:     8   Next: 49%
Magic:  8/14       EV: 12    Int: 19    God:    Vehumet [......]
Gold:   222        SH:  5    Dex: 10    Spells: 9/15 levels left

rFire    . . .     SeeInvis .   f - +0 short sword (venom)
rCold    . . .     Faith    .   k - +0 buckler
rNeg     . . .     Spirit   .   (armour unavailable)
rPois    +         Reflect  .   (helmet restricted)
rElec    .         Harm     .   (no cloak)
rCorr    .         Rampage  .   c - +2 pair of gloves
Will     .....                  (no boots)
Stlth    ++........             (no amulet)
HPRegen  0.21/turn              (no ring)
MPRegen  0.14/turn              (no ring)

@: lethally poisoned (0 -> -11)
A: breathe noxious fumes, AC +6, unfitting armour, poison resistance,
cold-blooded
a: Breathe Noxious Fumes, Renounce Religion


You were on level 5 of the Dungeon.
You worshipped Vehumet.
Vehumet was noncommittal.
You visited 2 branches of the dungeon, and saw 7 of its levels.

You collected 222 gold pieces.

Inventory:

Hand Weapons
 a - a +0 dagger
 f - a +0 short sword of venom (weapon)
Armour
 c - a +2 pair of gloves (worn)
 k - a +0 buckler (worn)
 s - the +5 scale mail of Greed {rF++ MP+9}
   (You found it on level 5 of the Dungeon)

   It greatly protects you from fire.
   It affects your magic capacity (+9).
Magical Staves
 b - a staff of cold
Jewellery
 p - a ring of flight
 y - an amulet of regeneration
Wands
 l - a wand of acid (12)
 q - a wand of mindburst (14)
Scrolls
 d - 3 scrolls of identify {unknown}
 e - 2 scrolls of immolation
 g - a scroll of fog {unknown}
 h - a scroll of brand weapon {unknown}
 i - 2 scrolls of teleportation {unknown}
 j - a scroll of acquirement {unknown}
 m - a scroll of blinking {unknown}
 t - a scroll of amnesia {unknown}
 u - a scroll of magic mapping {unknown}
 v - a scroll of torment {unknown}
 w - a scroll of holy word {unknown}
Potions
 n - a potion of flight
 o - a potion of heal wounds {unknown}
 r - 2 potions of curing
 x - 2 potions of haste {unknown}


   Skills:
 + Level 5.7 Fighting
 - Level 1.0 Short Blades
 - Level 1.7 Dodging
 - Level 1.7 Stealth
 - Level 6.1 Shields
 + Level 4.1 Spellcasting
 + Level 6.3 Conjurations


You had 9 spell levels left.
You knew the following spells:

 Your Spells              Type           Power      Damage    Failure   Level
a - Magic Dart            Conj           100%       1d8       1%          1
b - Searing Ray           Conj           56%        3d5       1%          2
c - Mephitic Cloud        Conj/Pois/Air  11%        N/A       17%         3

Your spell library contained the following spells:

 Spells                   Type           Power      Damage    Failure   Level
 Conjure Flame            Conj/Fire      15%        6-21      11%         3
 Dazzling Flash           Conj/Hex       30%        N/A       11%         3
 Beastly Appendage        Tmut           6%         N/A       14%         1
 Blink                    Tloc           N/A        N/A       21%         2
 Call Imp                 Summ           3%         N/A       21%         2
 Slow                     Hex            3%         N/A       21%         2
 Wereblood                Tmut           3%         N/A       21%         2
 Iskenderun's Battlesphe  Conj           28%        2d8       28%         5
 Fulminant Prism          Conj/Hex       7%         3d7       36%         4
 Iskenderun's Mystic Bla  Conj/Tloc      15%        2d5       36%         4
 Spider Form              Tmut/Pois      1%         N/A       38%         3
 Ice Form                 Ice/Tmut       3%         N/A       80%         4
 Bolt of Magma            Conj/Fire/Erth 5%         4d5       85%         5
 Hydra Form               Tmut           1%         N/A       98%         5
 Iron Shot                Conj/Erth      7%         9d2       99%         6
 Orb of Destruction       Conj           14%        9d7       100%        7
 Spellforged Servitor     Conj/Summ      7%         N/A       100%        7


Dungeon Overview and Level Annotations

Branches:
Dungeon (6/15)             Temple (1/1) D:5

Altars:
Ashenzari
Cheibriados
Dithmenos
Elyvilon
Fedhas
Gozag
Hepliaklqana
Kikubaaqudgha
Makhleb
Nemelex Xobeh
Okawaru
Qazlal
Ru
Sif Muna
Trog
Uskayaw
Vehumet
Wu Jian
Xom
Yredelemnul
Zin
The Shining One


Innate Abilities, Weirdness & Mutations

You can breathe blasts of noxious fumes.
Your lurid green scales are hard. (AC +6)
You cannot fit into any form of body armour.
Your system is resistant to poisons. (rPois)
You are cold-blooded and may be slowed by cold attacks.


Message History

You block the water moccasin's attack.
You closely miss the water moccasin. You tail-slap the water moccasin.
The water moccasin is heavily wounded.
The water moccasin misses you. The water moccasin bites you.
You closely miss the water moccasin.
Your tail-slap misses the water moccasin.
The water moccasin is severely wounded.
You block the water moccasin's attack. The water moccasin bites you.
You hit the water moccasin.
The water moccasin is severely wounded.
The water moccasin bites you.
You miss the water moccasin.
The water moccasin is severely wounded.
The water moccasin looks more healthy.
You block the water moccasin's attack.
You closely miss the water moccasin.
The water moccasin is severely wounded.
You block the water moccasin's attack. The water moccasin bites you.
* * * LOW HITPOINT WARNING * * *
You block the water moccasin's attack.
You miss the water moccasin.
The water moccasin is severely wounded.
The water moccasin closely misses you.
You closely miss the water moccasin.
The water moccasin is severely wounded.
The water moccasin barely misses you. The water moccasin misses you.
You barely miss the water moccasin.
The water moccasin is severely wounded.
The water moccasin bites you!
* * * LOW HITPOINT WARNING * * *
You are lethally poisoned!
The water moccasin poisons you!
You hit the water moccasin.
The water moccasin is almost dead.
* * * LOW HITPOINT WARNING * * *
You feel very sick. The water moccasin bites you.
* * * LOW HITPOINT WARNING * * *
You closely miss the water moccasin. You tail-slap the water moccasin.
The water moccasin is almost dead.
You die...

.# #.#.# #.# ##### .##
#.#.# #.# # ..# #.#.#
#.# ###### #.# #.#.##
#.# ##..... #.# #.#..#
#.# ##...##. #.#
#.##.# #.# #.....##
#.# #.##.# #.#
#....... #.###.##.#
#.# #.....##
......##.#
###@#########....##
#.######.#
#..#S.>.....<.#.## #.#
#.# #.......#######)#
#.######.#####.#####.#
#.####
#..............#
#.#######.....
##############.#
#.........##.. #.#
#.#######.....
##.#####.# #..#.#
######........# #...#.


You could see a water moccasin.

Vanquished Creatures
  A yak (D:5)
  A sky beast (D:5)
  An ice beast (D:5)
  A black bear (D:5)
  4 ogres
  A phantom (D:5)
  A kobold brigand (D:5)
  A bullfrog (D:6)
  3 killer bees (D:5)
  A bullfrog zombie (D:5)
  2 gnoll shamans (D:5)
  A centaur skeleton (D:6)
  A bullfrog skeleton (D:5)
  Terence (D:1)
  An iguana (D:4)
  A hound zombie (D:5)
  Robin (D:2)
  4 adders
  4 gnolls (D:5)
  A shadow imp (D:5)
  A worm (D:3)
  3 dart slugs
  7 orcs
  2 ball pythons
  4 bats
  10 endoplasms
  3 giant cockroaches
  12 goblins
  4 hobgoblins
  5 jackals
  3 kobolds
  4 quokkas
  2 frilled lizards
  5 rats
97 creatures vanquished.

Notes
Turn   | Place    | Note
-------+----------+-------------------------------------------
     0 | D:1      | Notrik the Draconian Conjurer began the quest for the Orb.
     0 | D:1      | Reached XP level 1. HP: 14/14 MP: 3/3
   604 | D:1      | Reached XP level 2. HP: 20/20 MP: 0/5
  1269 | D:2      | Noticed Robin
  1282 | D:2      | Reached XP level 3. HP: 24/27 MP: 1/6
  1293 | D:2      | Killed Robin
  1294 | D:2      | Reached skill level 1 in Fighting
  1294 | D:2      | Reached skill level 5 in Conjurations
  1932 | D:2      | Noticed Terence
  2117 | D:1      | Killed Terence
  2118 | D:1      | Reached XP level 4. HP: 18/35 MP: 7/7
  2717 | D:3      | Learned a level 2 spell: Searing Ray
  3069 | D:3      | Reached skill level 1 in Short Blades
  4055 | D:4      | Reached skill level 1 in Shields
  4055 | D:4      | Reached XP level 5. HP: 32/41 MP: 5/8
  4385 | D:4      | Noticed an ogre
  4393 | D:4      | Killed an ogre
  4694 | D:4      | Noticed an ogre
  4703 | D:4      | Killed an ogre
  4704 | D:4      | Reached XP level 6. HP: 51/51 MP: 2/9
  5021 | D:5      | Entered Level 5 of the Dungeon
  5272 | D:5      | Your scales start taking on a lurid green colour.
  5272 | D:5      | Reached XP level 7. HP: 37/59 MP: 10/10
  5272 | D:5      | Gained mutation: Your system is resistant to poisons.
                  | (rPois) [Green Draconian growth]
  5276 | D:5      | Reached skill level 5 in Shields
  5398 | D:5      | Identified the +5 scale mail of Greed {rF++ MP+9}
  5512 | D:5      | Found a white marble altar of Elyvilon.
  5972 | D:5      | Learned a level 3 spell: Mephitic Cloud
  6046 | D:5      | Reached skill level 5 in Fighting
  6046 | D:5      | Reached XP level 8. HP: 42/68 MP: 2/12
  6349 | D:5      | Found a staircase to the Ecumenical Temple.
  6489 | Temple   | Entered the Ecumenical Temple
  6721 | Temple   | Became a worshipper of Vehumet
  6997 | D:5      | HP: 3/70 [water moccasin (4)]
  6998 | D:5      | Succumbed to a water moccasin's poison

Illustrated notes

Levels and vault maps discovered:
D:1:      psy_arrival_statuary, layout_basic
D:2:      layout_basic, minivault_19, uniq_terence, uniq_robin
D:3:      layout_basic, minivault_4
D:4:      layout_basic
D:5:      kennysheep_six_static_rooms, layout_loops_ring, elyvilon_altar_4
D:6:      layout_basic, chequers_decorated_corner, uniq_eustachio
Temple:   minmay_crystal_snake_temple

Skill      XL: |  1  2  3  4  5  6  7  8 |
---------------+-------------------------+-----
Fighting       | 1 2 3 4 5 |  5.7
Conjurations   | 5 6 |  6.3
Short Blades   | 1 |  1.0
Shields        | 1 3 4 6 |  6.1
Spellcasting   | 4 |  4.1
Dodging        | |  1.7
Stealth        | |  1.7

Action                   |  1- 3 |  4- 6 |  7- 9 || total
-------------------------+-------+-------+-------++-------
Melee: Unarmed           |    14 |       |       ||    14
       Dagger            |     9 |       |       ||     9
       Short sword       |    54 |   123 |   106 ||   283
       Tailslap          |     4 |    16 |     7 ||    27
 Cast: Magic Dart        |    48 |     6 |       ||    54
       Searing Ray       |       |    22 |    46 ||    68
  Use: Potion            |     4 |       |       ||     4
       Scroll            |       |     1 |       ||     1
 Stab: Sleeping          |     1 |       |       ||     1
Armor: Skin              |    36 |    39 |    40 ||   115
Dodge: Dodged            |    56 |    99 |    67 ||   222
Block: Buckler           |       |    11 |    34 ||    45

Table legend: (Time is in decaauts)
 A = Elapsed time spent in this place.
 B = Non-inter-level travel time spent in this place.
 C = Inter-level travel time spent in this place.
 D = Time resting spent in this place.
 E = Time spent auto-exploring this place.
 F = Levels seen in this place.
 G = Mean time per level.
                   A        B        C        D        E       F      G
               +--------+--------+--------+--------+--------+-----+--------+
         Total |   7022 |   6765 |    257 |    777 |   4976 |   7 | 1003.1 |
       Dungeon |   6760 |   6531 |    229 |    777 |   4761 |   6 | 1126.7 |
        Temple |    261 |    233 |     28 |      0 |    215 |   1 |  261.0 |
               +--------+--------+--------+--------+--------+-----+--------+

Top non-repeatable levels by time:
     D:5: 1536 daAuts
     D:1: 1400 daAuts
     D:3: 1369 daAuts
     D:2: 1257 daAuts
     D:4: 1178 daAuts
  Temple: 261 daAuts
     D:6: 18 daAuts
